 Dungeon Crawl Stone Soup version 0.31.0-10-gcf4a605ca0 (webtiles) character file.

Game seed: 12107005919286054776

5 Bravepunisher the Ducker (level 1, -1/11 HPs)
             Began as a Spriggan Monk on Jan 25, 2024.
             Slain by a centaur (5 damage)
             ... on level 7 of the Dungeon.
             The game lasted 00:05:38 (840 turns).

Bravepunisher the Ducker (Spriggan Monk)             Turns: 840, Time: 00:05:39

Health: -1/11      AC:  2    Str:  7    XL:     1   Next: 66%
Magic:  2/2        EV: 18    Int: 11    God:
Gold:   52         SH:  0    Dex: 17    Spells: 0/0 levels left

rFire   . . .        a - +0 short sword
rCold   . . .        (no shield)
rNeg    . . .        b - +0 robe
rPois   .            (helmet restricted)
rElec   .            (no cloak)
rCorr   .            (gloves unavailable)
SInv    +            (boots unavailable)
Will    .....        g - amulet of the acrobat
Stlth   ++           (no ring)
HPRegen 0.21/turn    (no ring)
MPRegen 0.08/turn

%: acrobat
@: mighty, brilliant, weakened, attractive, very quick
A: very small, no large weapons, unfitting armour, see invisible, speed 3
a: no special abilities


You were on level 7 of the Dungeon.
You visited 1 branch of the dungeon, and saw 7 of its levels.

You collected 52 gold pieces.

Inventory:

Hand Weapons
 a - a +0 short sword (weapon)
Armour
 b - a +0 robe (worn)
Jewellery
 g - an amulet of the acrobat (around neck)
Scrolls
 d - a scroll of noise {unknown}
 h - a scroll of immolation {unknown}
 i - a scroll of poison {unknown}
 j - a scroll of identify {unknown}
Potions
 k - a potion of might


   Skills:
 * Level 2.6 Fighting
 - Level 3.2 Short Blades
 + Level 4.1 Dodging


You couldn't memorise any spells.
You didn't know any spells.
Your spell library was empty.

Dungeon Overview and Level Annotations

Branches:
Dungeon (7/15)
 Temple: D:4-7

Altars:

Annotations:
D:4 3 runed translucent doors, Jingleheimer's ghost, amateur VSFi; ProzacElf's ghost, weakling FoDe; zenocrate's ghost, amateur VSEn
D:5 Edmund, Prince Ribbit


Innate Abilities, Weirdness & Mutations

You are very small and have problems with some larger weapons.
You are too small for most types of armour.
You have supernaturally acute eyesight. (SInv)
You cover ground extremely quickly. (Speed+++)


Message History

You feel invigorated. The centaur completely misses you. The centaur kicks you.
The kobold barely misses you. The centaur closely misses you.
The centaur misses you.
You puncture the centaur!
The centaur is moderately wounded.
The kobold closely misses you. The centaur completely misses you.
The centaur barely misses you.
The gnoll bouda gazes fiercely through you!
You feel your attacks grow feeble.
You bump into the rock wall.
The centaur misses you. The centaur barely misses you.
The kobold hits you with a +0 short sword.
You bump into the rock wall.
You feel less invigorated.
You feel less confused. The centaur completely misses you. x2
The kobold hits you with a +0 short sword.
The centaur completely misses you. The centaur closely misses you.
The gnoll bouda barks out a call to the hunt!
The gnoll picks up the pace!
You closely miss the centaur.
The centaur is moderately wounded.
The kobold hits you but does no damage. The centaur completely misses you.
The centaur closely misses you.
Unknown command.
You closely miss the centaur.
The centaur is moderately wounded.
The centaur closely misses you.
The centaur kicks you but does no damage.
The kobold hits you with a +0 short sword.
Unknown command.
You barely miss the centaur.
The centaur is moderately wounded.
The centaur hits you. The centaur closely misses you.
The kobold closely misses you. The centaur misses you.
The centaur completely misses you.
Unknown command.
You hit the centaur.
The centaur is heavily wounded.
The centaur hits you.
You die...

......>....K......#
###.#.....#....#.##
#.#.#####.?#.# .#
#...ggK.KK.#.##.#
#######.#####K##....#
#......g##.g..#######
#......K.(Kgg.(#
#....K....#c##.#
#####.....#.#.#.@KK#
#......Kg.'.#.######
#.##......#g..#
#.#....#.#.#
#..g##.....#
.....#).#.#.##
####.#g...#.###
#.#.....=..
#.#.####g##


You could see a centaur, a gnoll bouda, a gnoll (swift) and 3 kobolds.

Vanquished Creatures
  A dart slug (D:4)
  An endoplasm (D:4)
  A giant cockroach (D:4)
3 creatures vanquished.

Notes
Turn   | Place    | Note
-------+----------+-------------------------------------------
     0 | D:1      | Bravepunisher the Spriggan Monk began the quest for the
                  | Orb.
     0 | D:1      | Reached XP level 1. HP: 11/11 MP: 2/2
    62 | D:4      | Noticed an iguana
   219 | D:5      | Entered Level 5 of the Dungeon
   219 | D:5      | Noticed Prince Ribbit
   318 | D:5      | Noticed Edmund
   319 | D:5      | Noticed an orc priest
   319 | D:5      | Noticed an orc wizard
   415 | D:5      | Noticed an orc wizard
   522 | D:4      | Found a runed translucent gate.
   522 | D:4      | Found a runed translucent gate.
   523 | D:4      | Found a runed translucent gate.
   523 | D:4      | Noticed zenocrate's ghost (amateur VSEn)
   523 | D:4      | Noticed Jingleheimer's ghost (amateur VSFi)
   524 | D:4      | Noticed ProzacElf's ghost (weakling FoDe)
   689 | D:5      | Noticed a water moccasin
   728 | D:6      | Noticed a hound
   729 | D:6      | Noticed a jelly
   730 | D:6      | Noticed a howler monkey
   733 | D:6      | Noticed an orc priest
   756 | D:6      | Noticed an orc wizard
   784 | D:7      | Noticed a gnoll bouda
   784 | D:7      | Noticed a centaur
   790 | D:7      | Noticed a kobold brigand
   840 | D:7      | Slain by a centaur

Illustrated notes

Levels and vault maps discovered:
D:1:      minmay_arrival_stone_box, layout_basic, grunt_decor_arrowhead
D:2:      layout_loops_ring, ebering_ecumenical_altar_hall
D:3:      layout_basic, grunt_ministairs_2, eino_curves_03,
          nicolae_eternal_life, kennysheep_potato
D:4:      layout_basic, gammafunk_ghost_cemetery
D:5:      layout_basic, kennysheep_generic_room_14, uniq_edmund,
          uniq_prince_ribbit1
D:6:      cheibrodos_helix_gallery, layout_basic, mainiacjoe_overflow_alcove_2,
          temple_pool_b, small_statue_alley_b, uniq_crazy_yiuf_cottage,
          uniq_blork_the_orc
D:7:      layout_basic

Action                     || total
---------------------------++-------
  Melee: Short sword       ||    16
    Use: Potion            ||     4
   Stab: Sleeping          ||     1
 Armour: Robe              ||    15
  Dodge: Dodged            ||    64
